AoeStats
← Saxolive5888

Arabian Desert

510610516Analyzed
1v1 RM · 2d ago on Oct 1, 2026· 34m 36s· 2 players
Game mode
Random Map
Map size
Tiny (2 player)
Population
200
Speed
Normal
Resources
Standard
Victory
Conquest
Starting age
Dark Age
Ending age
Imperial Age
RankedLock teamsTeams togetherTeam positionsShared explorationLock speedFull tech treeHidden civsTurbo modeCheats
Victory
Defeat
🇨🇿 Vietnamese · Czechia
669
+12
🇹🇷 Franks · Türkiye
589
-12
Lihinoo7408
12:24 Feudal Age
13:40 Double-Bit Axe
14:36 Wheelbarrow
14:45 Town Watch
20:40 Castle Age
19:08 Scale Barding Armor
23:33 Husbandry
26:10 Gold Mining
28:31 Chain Barding Armor
Saxolive5888
8:39 Loom
11:09 Feudal Age
11:48 Double-Bit Axe
16:31 Fletching
18:12 Gold Mining
19:01 Wheelbarrow
23:29 Castle Age
24:35 Crossbowman
25:21 Thumb Ring
25:30 Bow Saw
25:04 Horse Collar
25:26 Bodkin Arrow
25:31 Padded Archer Armor
29:04 Ballistics
Connection lost

Rejoining the realm…

Still unreachable

The connection could not be restored.

Session expired

The server has moved on; the page needs a fresh start.